 Dungeon Crawl Stone Soup version 0.28.0-47-ge53b351184 (webtiles) character file.

Game seed: 5997764837690883764

1759 NinjaNoafa the Ruffian (level 8, -7/79 HPs)
             Began as a Troll Fighter on May 10, 2022.
             Mangled by a seven-headed hydra (12 damage)
             ... on level 6 of the Dungeon.
             The game lasted 00:09:02 (4287 turns).

NinjaNoafa the Ruffian (Troll Fighter)              Turns: 4287, Time: 00:09:03

Health: -7/79      AC:  6    Str: 25    XL:     8   Next: 79%
Magic:  7/7        EV: 14    Int:  4    God:
Gold:   252        SH: 12    Dex: 17    Spells: 7/7 levels left

rFire   . . .      SeeInvis .     - Unarmed
rCold   . . .      Faith    .   b - +3 kite shield
rNeg    . . .      Spirit   .   v - +2 robe {Will+}
rPois   .          Reflect  .   (helmet restricted)
rElec   .          Harm     .   r - scarf {+Inv}
rCorr   .          Rampage  .   (gloves unavailable)
Will    +....                   (boots unavailable)
Stlth   ++........              (no amulet)
HPRegen 1.03/turn               g - +6 ring of dexterity
MPRegen 0.10/turn               h - +4 ring of evasion

@: mighty, about to teleport
A: large, unfitting armour, claws 3, regeneration 1, shaggy fur 1, tough skin 1
a: Evoke Invisibility


You were on level 6 of the Dungeon.
You visited 1 branch of the dungeon, and saw 6 of its levels.
You also visited: Sewer.

You collected 252 gold pieces.

Inventory:

Missiles
 j - 7 boomerangs (quivered)
 k - 144 stones
 u - 7 poisoned darts
Armour
 b - a +3 kite shield (worn)
 r - a scarf of invisibility (worn)
 v - a +2 robe of willpower (worn)
Jewellery
 g - a +6 ring of dexterity (left claw)
 h - a +4 ring of evasion (right claw)
 m - a ring of see invisible
 o - a +6 ring of intelligence
Wands
 a - a wand of flame (6)
 l - a wand of charming (8)
 p - a wand of digging (4)
 w - a wand of iceblast (7)
Scrolls
 c - 3 scrolls of identify
 e - a scroll of amnesia
 f - a scroll of teleportation
 q - a scroll of magic mapping
 s - a scroll of fear {unknown}
 t - 3 scrolls of brand weapon {unknown}
Potions
 d - a potion of resistance
 i - a potion of might
 n - a potion of brilliance


   Skills:
 + Level 4.5 Fighting
 + Level 4.5 Dodging
 + Level 4.5 Shields
 + Level 6.7 Unarmed Combat
 + Level 3.3 Evocations


You had 7 spell levels left.
You didn't know any spells.
Your spell library contained the following spells:

 Spells                   Type           Power      Damage    Failure   Level
 Apportation              Tloc           0%         N/A       78%         1
 Freeze                   Ice            0%         1d3       78%         1
 Ensorcelled Hibernation  Hex/Ice        0%         N/A       89%         2
 Passwall                 Tmut/Erth      0%         N/A       89%         2
 Frozen Ramparts          Ice            0%         1d2       98%         3
 Swiftness                Air            0%         N/A       98%         3
 Hailstorm                Conj/Ice       0%         3d3       100%        4
 Passage of Golubria      Tloc           0%         N/A       100%        4
 Alistair's Intoxication  Tmut/Pois      0%         N/A       100%        5
 Silence                  Hex/Air        0%         N/A       100%        5
 Lehudib's Crystal Spear  Conj/Erth      0%         10d2      100%        8


Dungeon Overview and Level Annotations

Branches:
Dungeon (6/15)              Sewer (visited)
 Temple: D:4-7

Altars:
Sif Muna
The Shining One

Shops:
D:1 (   D:5 *

Annotations:
D:3 3 runed translucent doors, Holdthepickle's ghost, weakling DsWn


Innate Abilities, Weirdness & Mutations

You are too large for most types of armour.
You have claws for hands.
Your natural rate of healing is unusually fast.
You are covered in fur. (AC +1)
You have tough skin. (AC +1)


Message History

You block the five-headed hydra's attack.
The five-headed hydra bites you but does no damage.
The five-headed hydra bites you.
You rip one of the five-headed hydra's heads off!
The four-headed hydra grows two more!
You mangle the six-headed hydra!!
The six-headed hydra is severely wounded.
The six-headed hydra bites you! The six-headed hydra barely misses you.
The six-headed hydra bites you. x3; The six-headed hydra bites you!
You rip one of the six-headed hydra's heads off!
The five-headed hydra grows two more!
You mangle the seven-headed hydra!!
The seven-headed hydra is severely wounded.
The seven-headed hydra misses you. The seven-headed hydra bites you!
* * * LOW HITPOINT WARNING * * *
The seven-headed hydra closely misses you.
You block the seven-headed hydra's attack.
The seven-headed hydra bites you but does no damage.
The seven-headed hydra barely misses you. x2
Okay, then.
Aiming: Throw Flame
Press: ? - help, Shift-Dir - straight line, f/p - seven-headed hydra
Aim: a seven-headed hydra (severely wounded, 90% to hit)
The puff of flame hits the seven-headed hydra!
The seven-headed hydra is almost dead.
You block the seven-headed hydra's attack.
The seven-headed hydra bites you.
* * * LOW HITPOINT WARNING * * *
The seven-headed hydra bites you!
* * * LOW HITPOINT WARNING * * *
The seven-headed hydra barely misses you.
The seven-headed hydra misses you.
You block the seven-headed hydra's attack.
The seven-headed hydra bites you but does no damage.
Okay, then.
As you read the scroll of teleportation, it crumbles to dust.
You feel strangely unstable. The seven-headed hydra bites you.
* * * LOW HITPOINT WARNING * * *
The seven-headed hydra bites you but does no damage.
You block the seven-headed hydra's attack.
The seven-headed hydra bites you!
You die...

#.......##.#######
##......##..###
###..........#####
####..####...##.
###..## ##......
#####...##
#.......
##.##..###
##....... #....D##
#........
#...@..##
#........
#.......#
#........
#......##
#........ ##....##
##....... ######
###..... ####..
###


You could see a seven-headed hydra.

Vanquished Creatures
  A water moccasin (D:5)
  Pargi (Sewer)
  2 black bears (D:5)
  An ogre (D:5)
  A centaur (D:5)
  3 scorpions
  A bullfrog (D:5)
  A water moccasin zombie (D:6)
  A wyvern skeleton (D:6)
  A water moccasin skeleton (D:6)
  A centaur zombie (D:6)
  A bullfrog skeleton (D:5)
  A bullfrog zombie (D:6)
  An orc priest (D:4)
  5 hounds
  2 orc wizards (D:6)
  8 iguanas
  A hound skeleton (D:4)
  2 howler monkey skeletons
  5 adders
  7 gnolls
  3 river rats (D:6)
  2 white imps (D:6)
  A worm (D:3)
  3 dart slugs
  13 orcs
  5 ball pythons
  6 endoplasms
  9 giant cockroaches
  7 goblins
  7 hobgoblins
  4 jackals (D:1)
  13 kobolds
  3 quokkas (D:1)
  5 bats
  7 frilled lizards
  9 rats
144 creatures vanquished.

Notes
Turn   | Place    | Note
-------+----------+-------------------------------------------
     0 | D:1      | NinjaNoafa the Troll Fighter began the quest for the Orb.
     0 | D:1      | Reached XP level 1. HP: 22/22 MP: 0/0
    48 | D:1      | Reached XP level 2. HP: 29/29 MP: 1/1
   231 | D:1      | Found Horyodam's Weapon Shop.
   268 | D:1      | Reached XP level 3. HP: 35/36 MP: 2/2
   611 | D:2      | Found a glowing golden altar of the Shining One.
   829 | D:2      | Reached skill level 3 in Unarmed Combat
   907 | D:2      | Reached XP level 4. HP: 41/44 MP: 3/3
  1448 | D:3      | Found a shimmering blue altar of Sif Muna.
  1503 | D:3      | Found a faded altar of an unknown god.
  1610 | D:3      | Found a runed translucent gate.
  1612 | D:3      | Found a runed translucent gate.
  1655 | D:3      | Found a runed translucent gate.
  1659 | D:3      | Noticed Holdthepickle's ghost (weakling DsWn)
  2047 | D:4      | Noticed a scorpion
  2049 | D:4      | Noticed a scorpion
  2060 | D:4      | Killed a scorpion
  2061 | D:4      | Reached XP level 5. HP: 53/53 MP: 4/4
  2075 | D:4      | Reached skill level 4 in Unarmed Combat
  2362 | D:4      | Reached XP level 6. HP: 59/61 MP: 5/5
  2763 | D:5      | Entered Level 5 of the Dungeon
  2787 | D:5      | Reached skill level 5 in Unarmed Combat
  2819 | D:5      | Noticed a water moccasin
  2831 | D:5      | Killed a water moccasin
  2832 | D:5      | Reached XP level 7. HP: 56/68 MP: 6/6
  3028 | D:5      | Reached skill level 6 in Unarmed Combat
  3199 | D:5      | Reached XP level 8. HP: 74/78 MP: 7/7
  3395 | D:5      | Found Niprau's Assorted Antiques.
  3678 | D:6      | Reached skill level 1 in Evocations
  3740 | D:6      | Noticed a four-headed hydra
  4008 | D:6      | Found a glowing drain.
  4024 | Sewer    | Entered a sewer
  4160 | Sewer    | Noticed Pargi
  4171 | Sewer    | Killed Pargi
  4287 | D:6      | Mangled by a seven-headed hydra

Illustrated notes

Levels and vault maps discovered:
D:1:      nicolae_arrival_washed_ashore, layout_rooms, serial_shops,
          nicolae_shop_trees, nrook_mini_backslash
D:2:      layout_basic, basic_altar, chequers_jeans, minmay_increasing_density
D:3:      layout_rooms, lemuel_coloured_pillars_altar, gammafunk_ghost_split,
          chequers_ecumenical_altar_simple_redux
D:4:      layout_basic
D:5:      layout_loops_cross, serial_shops, kennysheep_mini_moat
D:6:      layout_cave_pods, portal_sewer_entry_a, hex_large,
          corexii_item_surrounded_by_moat, kennysheep_generic_room_4

Skill      XL: |  1  2  3  4  5  6  7  8 |
---------------+-------------------------+-----
Unarmed Combat | 3 4 5 6 |  6.7
Fighting       | 3 4 |  4.5
Dodging        | 3 4 |  4.5
Shields        | 3 4 |  4.5
Evocations     | 3 |  3.3

Action                   |  1- 3 |  4- 6 |  7- 9 || total
-------------------------+-------+-------+-------++-------
Melee: Unarmed           |    85 |   136 |   182 ||   403
Throw: Boomerang         |       |       |    11 ||    11
Evoke: Wand              |       |       |     3 ||     3
  Use: Scroll            |       |     7 |     4 ||    11
       Potion            |       |     3 |     1 ||     4
 Stab: Sleeping          |     2 |     2 |     4 ||     8
       Distracted        |       |       |     1 ||     1
Armor: Robe              |    34 |    25 |    31 ||    90
Dodge: Dodged            |    21 |    63 |   100 ||   184
Block: Kite shield       |    25 |    87 |   133 ||   245
